 Dungeon Crawl Stone Soup version 0.27-a0-1139-g28e009f8a6 (webtiles) character file.

Game seed: 2116411608408502104

2206 robertstho the Thaumaturge (level 9, 0/58 HPs)
             Began as a Djinni Ice Elementalist on May 7, 2021.
             Was an Initiate of Ashenzari.
             Slain by Harold
             ... wielding a +0 battleaxe
              (22 damage)
             ... on level 7 of the Dungeon.
             The game lasted 00:09:25 (6929 turns).

robertstho the Thaumaturge (DjIE)                   Turns: 6929, Time: 00:09:25

Health: 0/58       AC:  3    Str:  7    XL:     9   Next: 34%
Gold:   162        EV: 14    Int: 19    God:    Ashenzari [......] SH:  5 Dex: 15

rFire    + + .     SeeInvis .   q - +4 whip
rCold    x . .     Faith    .   (no shield)
rNeg     . . .     Spirit   .   a - +0 robe
rPois    ∞         Reflect  +   (no helmet)
rElec    .         Harm     .   n - +0 cloak
rCorr    .         Rampage  .   (no gloves)
Will     .....                  (boots unavailable)
Stlth    +++.......             j - amulet of reflection
HPRegen  0.19/turn              (no ring)
MPRegen  0.00/turn              (no ring)

@: marked, freezing walls, flying, very slightly contaminated, invisible
A: sickness immunity, fire resistance 2, cold vulnerability 1, float, innate
caster, hp casting, extra vitality 1
a: Renounce Religion, Curse Item


You were on level 7 of the Dungeon.
You worshipped Ashenzari.
Ashenzari was noncommittal.
You visited 1 branch of the dungeon, and saw 7 of its levels.

You collected 222 gold pieces.
You spent 60 gold pieces at shops.

Inventory:

Hand Weapons
 e - a +0 dagger
 q - a +4 whip (weapon)
Missiles
 m - 6 boomerangs of dispersal
Armour
 a - a +0 robe (worn)
 n - a +0 cloak (worn)
Jewellery
 j - an amulet of reflection (around neck)
Scrolls
 b - 2 scrolls of blinking
 d - a scroll of vulnerability
 i - 2 scrolls of fog
 o - 2 scrolls of teleportation
 p - a scroll of magic mapping
 r - 2 scrolls of fear
Potions
 c - 2 potions of curing
 f - 3 potions of lignification
 h - 4 potions of haste
 k - 2 potions of heal wounds
 l - a potion of resistance
 s - a potion of cancellation


   Skills:
 + Level 1.7 Fighting
 + Level 1.4 Short Blades
 + Level 0.1 Maces & Flails
 + Level 4.4 Dodging
 + Level 4.4 Stealth
 + Level 1.6 Shields
 + Level 9.2 Spellcasting


You had 2 spell levels left.
You knew the following spells:

 Your Spells              Type           Power      Damage    Failure   Level
a - Freeze                Ice            100%       1d11      1%          1
b - Frozen Ramparts       Ice            86%        1d10      1%          3
c - Ozocubu's Armour      Ice            43%        N/A       1%          3
d - Hailstorm             Conj/Ice       43%        3d10      1%          4
e - Metabolic Englaciati  Hex/Ice        21%        N/A       4%          5
f - Summon Small Mammal   Summ           100%       N/A       1%          1
g - Searing Ray           Conj           86%        3d6       1%          2
h - Wereblood             Tmut           43%        N/A       1%          2
i - Confusing Touch       Hex            43%        N/A       1%          3
Your spell library was empty.

Dungeon Overview and Level Annotations

Branches:
Dungeon (7/15)             Temple (0/1) D:7

Altars:
Ashenzari
Fedhas
Gozag
Nemelex Xobeh
Xom
The Shining One

Shops:
D:4 !   D:7 :

Annotations:
D:7 Harold


Innate Abilities, Weirdness & Mutations

You are immune to sickness and miasma.
You are immune to poison.
Your flesh is very heat resistant. (rF++)
You are vulnerable to cold. (rC-)
You float through the air rather than walking.
You learn spells naturally, not from books.
Your magical power is your life essence.
You have superior vitality. (+4 HP)


Message History

You feel much better.
Casting: Searing Ray (safe; 1% risk of failure)
Confirm with . or Enter, or press ? or * to list all spells.
Casting: Frozen Ramparts (safe; 1% risk of failure)
Press: ? - help, Dir - look around, f - activate The walls around you are covered in ice.
Casting: Frozen Ramparts (safe; 1% risk of failure)
Confirm with . or Enter, or press ? or * to list all spells.
Casting: Hailstorm (dangerous; 1% risk of failure)
Press: ? - help, Dir - look around, f - activate A cannonade of hail descends around you!
The hail pelts Harold!
Harold is lightly wounded.
The wall freezes Harold.
Unknown command.
Casting: Hailstorm (dangerous; 1% risk of failure)
Confirm with . or Enter, or press ? or * to list all spells.
Aiming: Searing Ray (safe; 1% risk of failure)
Press: ? - help, Shift-Dir - straight line, f - Harold
Aim: Harold, wielding a +0 battleaxe, wearing a +0 ring mail, quivering 2 throwing nets and carrying a wand of digging (5) (moderately wounded, 89% to hit)
The searing ray hits Harold!
Harold is moderately wounded. (Press . to maintain the ray.)
The wall freezes Harold.
Harold points at you and mumbles some strange words.
The mark upon you grows brighter.
The searing ray hits Harold!
Harold is heavily wounded.
The wall freezes the centaur.
The centaur shoots an arrow.
The arrow hits Harold!
The wall freezes the centaur.
The centaur shoots an arrow.
The arrow closely misses Harold.
The arrow hits you.
The wall freezes Harold!
Harold points at you and mumbles some strange words.
You barely resist.
The searing ray hits Harold!
Harold is almost dead.
The wall freezes the centaur.
The centaur shoots an arrow.
The arrow hits Harold.
The wall freezes Harold.
Harold hits you with a +0 battleaxe!!
You die...

...##.### ##.#.#..#
##.##.#.########## ####
.#.####..........# #...#
.#.# #.#.8.#.#..##.....
...####.......##.#......
........8.>.8###)c...@.c
.#####.......###@#......
.# #..#.8.###.@# .....
## #...........# ...#
#.##....##### ### #.
#..#.# #.##.# ... ..#
### #... ### ..# #.#.
..# ..


You could see Harold and a centaur.

Vanquished Creatures
  A hornet (D:6)
  Grinder (D:5)
  Sigmund (D:6)
  A wyvern (D:4)
  Eustachio (D:5)
  2 ice beasts
  A necrophage (D:6)
  2 ogres
  2 centaurs
  A phantom (D:5)
  2 scorpions
  A wyvern skeleton (D:7)
  An electric eel (D:6)
  A centaur zombie (D:7)
  3 hounds
  A jelly (D:6)
  Crazy Yiuf (D:5)
  A bullfrog skeleton (D:6)
  A centaur skeleton (D:7)
  Terence (D:3)
  Jessica (D:3)
  2 iguanas (D:5)
  A hound zombie (D:5)
  A hound skeleton (D:5)
  A howler monkey skeleton (D:7)
  4 adders
  A worm (D:3)
  A dart slug (D:1)
  3 orcs
  2 ball pythons (D:1)
  2 bats
  2 endoplasms
  2 goblins (D:3)
  5 hobgoblins
  3 jackals (D:3)
  6 kobolds
  3 quokkas
  A rat (D:3)
67 creatures vanquished.

Vanquished Creatures (others)
  A kobold (D:3)
1 creature vanquished.

Grand Total: 68 creatures vanquished

Notes
Turn   | Place    | Note
-------+----------+-------------------------------------------
     0 | D:1      | robertstho the Djinni Ice Elementalist began the quest for
                  | the Orb.
     0 | D:1      | Reached XP level 1. HP: 15/15 MP: 0/0
   229 | D:1      | Reached XP level 2. HP: 14/21 MP: 0/0
   355 | D:1      | Reached skill level 4 in Spellcasting
   718 | D:1      | Found a faded altar of an unknown god.
  1177 | D:2      | You are sucked into a shaft and drop 2 floors!
  1376 | D:4      | Found a broken altar of Ashenzari.
  1441 | D:4      | Noticed a wyvern
  1456 | D:3      | Reached XP level 3. HP: 21/25 MP: 0/0
  1456 | D:3      | Learned a level 1 spell: Summon Small Mammal
  1560 | D:3      | Noticed a scorpion
  1567 | D:3      | Killed a scorpion
  1568 | D:3      | Reached XP level 4. HP: 18/31 MP: 0/0
  1900 | D:3      | Noticed Jessica
  1908 | D:3      | Killed Jessica
  1909 | D:3      | Reached XP level 5. HP: 23/36 MP: 0/0
  1909 | D:3      | Learned a level 2 spell: Searing Ray
  1912 | D:3      | Reached skill level 5 in Spellcasting
  2078 | D:3      | Found a blossoming altar of Fedhas.
  2085 | D:3      | Found a shimmering altar of Xom.
  2339 | D:3      | Noticed Terence
  2346 | D:3      | Killed Terence
  3051 | D:4      | Killed a wyvern
  3052 | D:4      | Reached skill level 1 in Fighting
  3052 | D:4      | Reached XP level 6. HP: 32/42 MP: 0/0
  3137 | D:4      | Found Puystava's Distillery.
  3142 | D:4      | Bought a potion of heal wounds for 60 gold pieces
  3428 | D:4      | Became a worshipper of Ashenzari the Shackled
  3575 | D:4      | Noticed an ice beast
  3588 | D:4      | Killed an ice beast
  3589 | D:4      | Reached skill level 1 in Short Blades
  3589 | D:4      | Reached skill level 6 in Spellcasting
  3640 | D:5      | Entered Level 5 of the Dungeon
  3646 | D:5      | Reached XP level 7. HP: 42/47 MP: 0/0
  3646 | D:5      | Learned a level 2 spell: Wereblood
  3790 | D:5      | Noticed Eustachio
  3801 | D:5      | Killed Eustachio
  3863 | D:5      | Reached skill level 7 in Spellcasting
  4218 | D:5      | Reached XP level 8. HP: 28/52 MP: 0/0
  4396 | D:5      | Noticed Grinder
  4402 | D:5      | Paralysed by Grinder for 7 turns
  4417 | D:5      | Killed Grinder
  4820 | D:5      | Found a runed translucent door.
  4821 | D:5      | Noticed Crazy Yiuf
  5196 | D:5      | Found a sparkling altar of Nemelex Xobeh.
  5197 | D:5      | Found an opulent altar of Gozag.
  5318 | D:5      | Killed Crazy Yiuf
  5610 | D:6      | Noticed Sigmund
  5620 | D:6      | Killed Sigmund
  5621 | D:6      | Reached skill level 1 in Shields
  5621 | D:6      | Reached skill level 8 in Spellcasting
  5768 | D:6      | Noticed a hornet
  5777 | D:6      | Killed a hornet
  5778 | D:6      | Reached XP level 9. HP: 24/58 MP: 0/0
  5778 | D:6      | Learned a level 3 spell: Confusing Touch
  6121 | D:6      | Found a glowing golden altar of the Shining One.
  6331 | D:6      | Reached skill level 9 in Spellcasting
  6493 | D:7      | Found Ullerapp's Book Shoppe.
  6843 | D:7      | Found a staircase to the Ecumenical Temple.
  6912 | D:7      | Noticed Harold
  6929 | D:7      | Slain by Harold

Illustrated notes

Levels and vault maps discovered:
D:1:      wander_arrival_chamber, layout_loops_ring,
          shapermc_ecumenical_altar_mp_highgroup
D:2:      layout_basic
D:3:      layout_basic, amethyst_overflow_temple_binary,
          hangedman_decor_growths, lemuel_old_faithful, uniq_terence,
          uniq_jessica
D:4:      layout_basic, nicolae_ashenzari_panopticon, serial_shops, shop_statue
D:5:      layout_loops_cross, grunt_temple_overflow_opulence,
          kennysheep_diamond, uniq_crazy_yiuf_cottage, uniq_eustachio,
          uniq_grinder
D:6:      layout_cave_pools, tso_oasis_becter, minivault_4,
          palyth_stone_intersect, kennysheep_flooded_box, minivault_25,
          uniq_sigmund
D:7:      minmay_spotlight, layout_loops_cross,
          minmay_temple_entry_statues_pillars, serial_shops,
          nicolae_shop_statue_plus, uniq_harold

Skill      XL: |  1  2  3  4  5  6  7  8  9 |
---------------+----------------------------+-----
Spellcasting   | 4 5 6 7 8 9 |  9.2
Stealth        | 2 3 4 |  4.4
Fighting       | 1 |  1.7
Short Blades   | 1 |  1.4
Dodging        | 3 4 |  4.4
Shields        | 1 |  1.6
Maces & Flails | |  0.1

Action                   |  1- 3 |  4- 6 |  7- 9 || total
-------------------------+-------+-------+-------++-------
Melee: Dagger            |    16 |    22 |     2 ||    40
       Whip              |       |       |     1 ||     1
 Cast: Freeze            |    28 |    25 |       ||    53
       Frozen Ramparts   |       |     6 |    24 ||    30
       Ozocubu's Armour  |       |     2 |     1 ||     3
       Searing Ray       |       |     2 |    31 ||    33
       Hailstorm         |       |       |     1 ||     1
  Use: Potion            |       |       |     2 ||     2
 Stab: Sleeping          |     2 |     2 |     1 ||     5
       Distracted        |       |       |     1 ||     1
Armor: Robe              |     5 |     6 |     4 ||    15
Dodge: Dodged            |    22 |    27 |    32 ||    81
Block: Other             |       |       |    14 ||    14

Table legend: (Time is in decaauts)
 A = Elapsed time spent in this place.
 B = Non-inter-level travel time spent in this place.
 C = Inter-level travel time spent in this place.
 D = Time resting spent in this place.
 E = Time spent auto-exploring this place.
 F = Levels seen in this place.
 G = Mean time per level.
                   A        B        C        D        E       F      G
               +--------+--------+--------+--------+--------+-----+--------+
         Total |   6926 |   6781 |    145 |    192 |   5915 |   7 |  989.4 |
       Dungeon |   6926 |   6781 |    145 |    192 |   5915 |   7 |  989.4 |
               +--------+--------+--------+--------+--------+-----+--------+

Top non-repeatable levels by time:
     D:5: 1775 daAuts
     D:3: 1600 daAuts
     D:6: 1059 daAuts
     D:1: 865 daAuts
     D:4: 862 daAuts
     D:7: 452 daAuts
     D:2: 310 daAuts
